 Dungeon Crawl Stone Soup version 0.28.0-43-g3370ac3207 (webtiles) character file.

Game seed: 1335316359601575637

16296 RascalDebosk the Cleaver (level 12, -11/115 HPs)
             Began as a Hill Orc Fighter on Mar 5, 2022.
             Was a Believer of Beogh.
             Mangled by an 11-headed hydra (13 damage)
             ... on level 11 of the Dungeon on Mar 6, 2022.
             The game lasted 02:13:57 (13238 turns).

RascalDebosk the Cleaver (Hill Orc Fighter)        Turns: 13238, Time: 02:13:58

Health: -11/115    AC: 19    Str: 26    XL:     12   Next: 36%
Magic:  33/37      EV:  9    Int: 10    God:    Beogh [**....]
Gold:   2241       SH: 13    Dex: 10    Spells: 11/11 levels left

rFire   + . .      SeeInvis +   o - +4 war axe
rCold   x . .      Faith    .   c - +2 buckler
rNeg    + . .      Spirit   .   I - +6 scale mail of Xom's Righteous Fury {rElec rC- Regen+ MP+9}
rPois   .          Reflect  +   Z - +2 helmet {SInv}
rElec   +          Harm     .   e - +0 cloak
rCorr   .          Rampage  .   (no gloves)
Will    .....                   i - +0 pair of boots
Stlth   ..........              x - amulet of reflection
HPRegen 1.09/turn               w - ring of protection from fire
MPRegen 0.25/turn               Y - ring of Miracles {Contam rN+ MP+9 Str+4}

@: studying Shields
A: no striking features
a: Renounce Religion, Smiting


You were on level 11 of the Dungeon.
You worshipped Beogh.
Beogh was pleased with you.
You visited 2 branches of the dungeon, and saw 12 of its levels.
You also visited: Sewer and Bailey.

You collected 2241 gold pieces.

Inventory:

Hand Weapons
 o - a +4 war axe (weapon)
 C - the +12 hunting sling of Execution {venom, rF+}
   (You found it on level 6 of the Dungeon)

   Any ammunition fired from it poisons the flesh of those it strikes.
   rF:        It protects you from fire.
 N - a +2 whip of flaming
Missiles
 g - 25 poisoned darts (quivered)
 q - 2 curare-tipped darts
 s - 6 throwing nets
 G - 81 sling bullets
Armour
 c - a +2 buckler (worn)
 e - a +0 cloak (worn)
 i - a +0 pair of boots (worn)
 t - a +6 scale mail of willpower
 I - the +6 scale mail of Xom's Righteous Fury (worn) {rElec rC- Regen+ MP+9}
   (You found it on level 6 of the Dungeon)

   rC:        It makes you vulnerable to cold.
   rElec:     It insulates you from electricity.
   MP:        It affects your magic capacity (+9).
   Regen:     It increases your rate of health regeneration.
 Z - a +2 helmet of see invisible (worn)
Jewellery
 a - a ring of see invisible
 w - a ring of protection from fire (left hand)
 x - an amulet of reflection (around neck)
 z - a +4 ring of slaying
 F - a ring of positive energy
 O - a ring of willpower
 P - a +6 ring of intelligence
 W - a ring of ice
 Y - the ring of Miracles (right hand) {Contam rN+ MP+9 Str+4}
   (You acquired it in a bailey)

   [ring of magical power]

   Str:       It affects your strength (+4).
   rN:        It protects you from negative energy.
   MP:        It affects your magic capacity (+9).
   Contam:    It causes magical contamination when unequipped.
Wands
 m - a wand of polymorph (8)
 J - a wand of paralysis (4)
 L - a wand of iceblast (18)
 T - a wand of flame (12)
Scrolls
 l - 5 scrolls of teleportation
 n - 4 scrolls of immolation
 r - 6 scrolls of blinking
 B - 2 scrolls of magic mapping
 Q - 3 scrolls of identify
 R - 2 scrolls of fog
 S - 3 scrolls of summoning
Potions
 b - 3 potions of magic
 d - 3 potions of might
 f - 6 potions of heal wounds
 h - 5 potions of curing
 k - 5 potions of flight
 p - 4 potions of resistance
 D - a potion of haste
 H - 2 potions of invisibility
Miscellaneous
 j - a lightning rod (4/4)
 K - a condenser vane


   Skills:
 + Level 13.3 Fighting
 - Level 14.0 Axes
 - Level 3.3 Slings
 + Level 5.9 Armour
 + Level 12.1 Shields
 + Level 9.8 Invocations
 - Level 4.0 Evocations


You had 11 spell levels left.
You didn't know any spells.
Your spell library contained the following spells:

 Spells                   Type           Power      Damage    Failure   Level
 Beastly Appendage        Tmut           0%         N/A       67%         1
 Freeze                   Ice            0%         1d3       67%         1
 Static Discharge         Conj/Air       0%         N/A       82%         2
 Sublimation of Blood     Necr           0%         N/A       82%         2
 Wereblood                Tmut           0%         N/A       82%         2
 Frozen Ramparts          Ice            0%         1d2       96%         3
 Gell's Gravitas          Tloc           0%         N/A       96%         3
 Lesser Beckoning         Tloc           0%         N/A       96%         3
 Spider Form              Tmut/Pois      0%         N/A       96%         3
 Teleport Other           Tloc           0%         N/A       96%         3
 Tukima's Dance           Hex            0%         N/A       96%         3
 Anguish                  Hex/Necr       0%         N/A       100%        4
 Animate Dead             Necr           0%         N/A       100%        4
 Cause Fear               Hex            0%         N/A       100%        4
 Hailstorm                Conj/Ice       0%         3d3       100%        4
 Passage of Golubria      Tloc           0%         N/A       100%        4
 Petrify                  Tmut/Erth      0%         N/A       100%        4
 Borgnjor's Vile Clutch   Necr/Erth      0%         N/A       100%        5
 Irradiate                Conj/Tmut      0%         3d13      100%        5
 Lightning Bolt           Conj/Air       0%         1d11      100%        5
 Yara's Violent Unravell  Hex/Tmut       0%         3d3       100%        5
 Death Channel            Necr           0%         N/A       100%        6
 Dragon Form              Tmut           0%         N/A       100%        7
 Enfeeble                 Hex            0%         N/A       100%        7
 Maxwell's Capacitive Co  Air            0%         ∞         100%        8
 Dragon's Call            Summ           0%         N/A       100%        9


Dungeon Overview and Level Annotations

Branches:
Dungeon (11/15)            Temple (1/1) D:6             Orc (0/2) D:9
  Sewer (visited)          Bailey (visited)
   Lair: D:8-11

Altars:
Ashenzari
Cheibriados
Dithmenos
Elyvilon
Fedhas
Gozag
Hepliaklqana
Kikubaaqudgha
Makhleb
Nemelex Xobeh
Okawaru
Qazlal
Ru
Sif Muna
Trog
Uskayaw
Vehumet
Wu Jian
Xom
Yredelemnul
Zin
The Shining One

Shops:
D:8 =


Message History

The ten-headed hydra bites you. The ten-headed hydra misses you.
You block the ten-headed hydra's attack. x2
The ten-headed hydra bites you.
The ten-headed hydra bites you but does no damage.
The ten-headed hydra bites you. x2
You block the ten-headed hydra's attack. x2
You chop one of the ten-headed hydra's heads off!
The nine-headed hydra grows two more!
You slice the 11-headed hydra!!
The 11-headed hydra is almost dead.
You block the 11-headed hydra's attack. x2
The 11-headed hydra bites you but does no damage. x3
The 11-headed hydra bites you!
* * * LOW HITPOINT WARNING * * *
The 11-headed hydra bites you but does no damage.
The 11-headed hydra barely misses you. You block the 11-headed hydra's attack.
The 11-headed hydra bites you but does no damage. x2
You barely miss the 11-headed hydra.
The 11-headed hydra is almost dead.
The 11-headed hydra bites you.
* * * LOW HITPOINT WARNING * * *
The 11-headed hydra completely misses you.
The 11-headed hydra bites you!
* * * LOW HITPOINT WARNING * * *
The 11-headed hydra barely misses you.
You block the 11-headed hydra's attack. x2
The 11-headed hydra closely misses you. The 11-headed hydra barely misses you.
The 11-headed hydra bites you.
* * * LOW HITPOINT WARNING * * *
The 11-headed hydra bites you but does no damage. x2
You barely miss the 11-headed hydra.
The 11-headed hydra is almost dead.
You block the 11-headed hydra's attack.
The 11-headed hydra bites you but does no damage.
You block the 11-headed hydra's attack.
The 11-headed hydra bites you but does no damage.
The 11-headed hydra bites you.
* * * LOW HITPOINT WARNING * * *
The 11-headed hydra bites you.
* * * LOW HITPOINT WARNING * * *
The 11-headed hydra bites you!
You die...

#.# #.#######
#........ .
#.#######$.
########.##..)..(.
#((.D.........##..
#.#####...#...#
#D# #.....#####..
#####@#
##..........#
#<....#
##.#######.#
#.##### #.# #.#
#.# #.# #+# #.#
#.. ##. .


You could see a 11-headed hydra.

Vanquished Creatures
  Fannar (D:10)
  Harold (D:8)
  3 two-headed ogres
  An orc high priest (Bailey)
  Pikel (D:7)
  3 orc knights (Bailey)
  A manticore (D:9)
  A cyclops (D:7)
  Joseph (D:10)
  2 gargoyles
  Maggie (D:7)
  A kobold demonologist (Bailey)
  5 trolls
  A meliai zombie (D:10)
  A vampire (D:10)
  2 wraiths
  A steam dragon (D:7)
  4 yaks
  Menkaure (D:5)
  3 water moccasins
  3 ice beasts
  3 sky beasts
  A black bear (D:3)
  A hornet zombie (D:7)
  10 orc warriors
  A necrophage (D:8)
  An ogre (D:5)
  A lemure (D:7)
  5 centaurs
  3 phantoms
  3 kobold brigands
  5 bullfrogs
  A scorpion (D:5)
  4 wyvern zombies
  A wyvern skeleton (D:7)
  A water moccasin skeleton (D:5)
  6 wights
  3 electric eels (Bailey)
  2 howler monkeys
  7 crimson imps (D:7)
  6 centaur zombies
  5 hounds
  A lava snake (D:10)
  2 jellies (D:7)
  A bullfrog zombie (D:7)
  4 orc priests
  3 bullfrog skeletons
  3 centaur skeletons
  5 iguanas
  Terence (D:2)
  5 orc wizards
  A howler monkey zombie (D:10)
  7 gnolls
  14 adders
  6 river rats (Sewer)
  A shadow imp (D:7)
  3 white imps
  4 ufetubi
  2 adder zombies (D:5)
  An adder skeleton (D:4)
  4 worms
  3 dart slugs
  25 orcs
  18 ball pythons
  14 bats
  8 endoplasms
  5 giant cockroaches
  20 goblins
  5 hobgoblins
  5 jackals
  17 kobolds
  6 quokkas
  6 frilled lizards
  10 rats
318 creatures vanquished.

Vanquished Creatures (others)
  An orc (D:7)
  A kobold (D:4)
  3 fungi (D:1)
  3 plants (D:1)
8 creatures vanquished.

Grand Total: 326 creatures vanquished

Notes
Turn   | Place    | Note
-------+----------+-------------------------------------------
     0 | D:1      | RascalDebosk the Hill Orc Fighter began the quest for the
                  | Orb.
     0 | D:1      | Reached XP level 1. HP: 19/19 MP: 1/1
   123 | D:1      | Found a faded altar of an unknown god.
   138 | D:1      | Reached skill level 3 in Axes
   148 | D:1      | Reached XP level 2. HP: 24/27 MP: 2/2
  1069 | D:2      | Reached skill level 4 in Axes
  1069 | D:2      | Reached XP level 3. HP: 32/33 MP: 3/3
  1414 | D:2      | Reached XP level 4. HP: 38/41 MP: 4/4
  1494 | D:2      | Noticed Terence
  1520 | D:2      | Killed Terence
  1521 | D:2      | Reached skill level 5 in Axes
  2233 | D:3      | Reached XP level 5. HP: 45/47 MP: 3/5
  2466 | D:3      | Noticed a black bear
  2540 | D:3      | Killed a black bear
  2541 | D:3      | Reached skill level 5 in Fighting
  2541 | D:3      | Reached skill level 6 in Axes
  2541 | D:3      | Reached XP level 6. HP: 27/56 MP: 3/6
  2728 | D:3      | Found an ancient bone altar of Kikubaaqudgha.
  2728 | D:3      | Found a glowing silver altar of Zin.
  3594 | D:4      | Reached skill level 7 in Axes
  3763 | D:4      | Found an opulent altar of Gozag.
  4346 | D:4      | Reached XP level 7. HP: 63/63 MP: 7/7
  4497 | D:5      | Entered Level 5 of the Dungeon
  4529 | D:5      | Reached skill level 8 in Axes
  4812 | D:5      | Noticed Menkaure
  4831 | D:5      | Killed Menkaure
  4832 | D:5      | Reached skill level 9 in Axes
  4928 | D:5      | Found a glowing drain.
  4942 | Sewer    | Entered a sewer
  5318 | Sewer    | Reached XP level 8. HP: 70/73 MP: 8/8
  5755 | D:5      | Reached skill level 10 in Axes
  5831 | D:5      | Noticed a two-headed ogre
  5852 | D:5      | Killed a two-headed ogre
  5853 | D:5      | Reached skill level 11 in Axes
  5875 | D:5      | Reached skill level 12 in Axes
  5875 | D:5      | Reached XP level 9. HP: 43/82 MP: 9/9
  6589 | D:5      | Found a shimmering blue altar of Sif Muna.
  6675 | D:6      | Found a staircase to the Ecumenical Temple.
  6686 | Temple   | Entered the Ecumenical Temple
  7037 | D:6      | Identified the +12 hunting sling of Execution {venom, rF+}
  7045 | D:6      | Found a burning altar of Makhleb.
  7512 | D:6      | Reached skill level 13 in Axes
  7690 | D:6      | Noticed a gargoyle
  7706 | D:6      | Killed a gargoyle
  7969 | D:6      | Identified the +6 scale mail of Xom's Righteous Fury {rElec
                  | rC- Regen+ MP+9}
  7992 | D:6      | Became a worshipper of Beogh the Brigand
  8503 | D:7      | Noticed a troll
  8503 | D:7      | Noticed a troll
  8505 | D:7      | Noticed a two-headed ogre
  8506 | D:7      | Reached skill level 10 in Fighting
  8506 | D:7      | Reached skill level 14 in Axes
  8509 | D:7      | Killed a troll
  8510 | D:7      | Reached skill level 1 in Invocations
  8515 | D:7      | Reached XP level 10. HP: 94/94 MP: 11/11
  8520 | D:7      | Noticed a cyclops
  8521 | D:7      | Reached skill level 5 in Shields
  8529 | D:7      | Killed a cyclops
  8535 | D:7      | Killed a two-headed ogre
  8543 | D:7      | Noticed a gargoyle
  8553 | D:7      | Reached skill level 5 in Invocations
  8563 | D:7      | Killed a gargoyle
  8574 | D:7      | Identified the +2 barding of Makhleb's Envy {rElec}
  8711 | D:7      | Reached * piety under Beogh
  8817 | D:7      | Reached skill level 1 in Slings
  8931 | D:7      | Found an iron altar of Okawaru.
  9049 | D:7      | Reached XP level 11. HP: 104/104 MP: 16/16
  9211 | D:7      | Found a broken altar of Ashenzari.
  9360 | D:7      | Noticed Pikel
  9385 | D:7      | Killed Pikel
  9474 | D:7      | Found a shimmering altar of Xom.
  9662 | D:7      | Noticed Maggie
  9664 | D:7      | Identified the +1 ring mail of Mesy {Will+}
  9677 | D:7      | Killed Maggie
  9680 | D:7      | Reached ** piety under Beogh
  9882 | D:8      | Noticed Harold
  9896 | D:8      | Killed Harold
  9897 | D:8      | Reached skill level 10 in Shields
 10436 | D:8      | Found Maobocump's Jewellery Emporium.
 10993 | D:9      | Found a staircase to the Orcish Mines.
 11091 | D:9      | Reached skill level 1 in Evocations
 11203 | D:9      | Noticed a manticore
 11207 | D:9      | Killed a manticore
 11320 | D:9      | Identified the +9 battleaxe "Neusopt" {holy, +Blink Str+4}
 11581 | D:9      | Found the +14 obsidian axe {vorpal, Mesm Drain Fly SInv}
 11714 | D:10     | Entered Level 10 of the Dungeon
 11717 | D:10     | Noticed Joseph
 11724 | D:10     | Noticed Fannar
 11727 | D:10     | Killed Joseph
 11737 | D:10     | Killed Fannar
 11740 | D:10     | Found a shadowy altar of Dithmenos.
 11768 | D:10     | Noticed a two-headed ogre
 11774 | D:10     | Found a flagged portal.
 11789 | D:10     | Killed a two-headed ogre
 11860 | Bailey   | Entered a bailey
 11940 | Bailey   | Noticed an orc knight
 11957 | Bailey   | Killed an orc knight
 11979 | Bailey   | Noticed an orc knight
 11994 | Bailey   | Killed an orc knight
 11995 | Bailey   | Reached XP level 12. HP: 77/113 MP: 18/18
 12063 | Bailey   | Acquired the ring of Miracles {Contam rN+ MP+9 Str+4}
 12093 | Bailey   | Found the +0 staff of Battle
 12103 | Bailey   | Reached skill level 5 in Armour
 12115 | Bailey   | Found an iron altar of Okawaru.
 12115 | Bailey   | Noticed an orc high priest
 12118 | Bailey   | Noticed a sun demon
 12118 | Bailey   | Killed an orc high priest
 12514 | Bailey   | Acquired 587 gold pieces
 12622 | Bailey   | Acquired 843 gold pieces
 13207 | D:11     | Noticed a seven-headed hydra
 13238 | D:11     | HP: 2/115 [11-headed hydra (5)]
 13238 | D:11     | Mangled by an 11-headed hydra

Illustrated notes

Levels and vault maps discovered:
D:1:      amcnicky_arrival_double_pillar, layout_basic,
          shapermc_ecumenical_altar_mp_ritualfount, dk_noncrumbling_2
D:2:      layout_basic, uniq_terence
D:3:      minmay_chambers_of_threes, layout_rooms,
          gammafunk_temple_overflow_wave, hex_tiny, minmay_misc_feat_x
D:4:      layout_gridville, nicolae_gozag_cash_rules_everything_around_me
D:5:      layout_loops_corners, tgw_sif, cheibrodos_sewer_entry_sluice,
          minmay_manual_monstrance, uniq_menkaure
D:6:      layout_basic, old_standard_altar, temple_green, minmay_misc_feat_tiny,
          corexii_item_surrounded_by_moat, kennysheep_generic_room_14
D:7:      minmay_the_grid_octo_tiled_octocenter
          [minmay_the_grid_octo_thin_diamonds, minmay_the_grid_octo_fat_diamond,
          minmay_the_grid_octo_checkered, minmay_the_grid_octo_pinwheel,
          minmay_the_grid_octo_prize_ultimate_mussel_roller,
          minmay_the_grid_square_5x5_moneybag,
          minmay_the_grid_square_5x5_tetrominoes, minmay_the_grid_square_5x5_z,
          minmay_the_grid_square_5x5_gyroscope], layout_basic, tgw_xom,
          mainiacjoe_overflow_alcove_1, okawaru_trees_2, minmay_nine_imps,
          uniq_maggie, uniq_pikel
D:8:      layout_basic, minmay_shop_enchanted_jewellery, uniq_harold
D:9:      cheibrodos_elevator_heist, layout_cave_pods, orc_0_dummy,
          dreamdust_deal_with_the_devil, minivault_25
D:10:     layout_basic, mainiacjoe_overflow_small_starburst, enter_bailey_3,
          kennysheep_generic_room_4, uniq_fannar, uniq_joseph
D:11:     layout_loops_corners, erik_lair_island
Temple:   oiseaux_autumnal_temple

Skill      XL: |  1  2  3  4  5  6  7  8  9 10 11 12 |
---------------+-------------------------------------+-----
Axes           | 3 4 5 6 7 9 12 14 | 14.0
Fighting       | 4 5 6 7 8 10 11 12 13 | 13.3
Shields        | 4 9 11 12 | 12.1
Invocations    | 2 6 9 |  9.8
Slings         | 2 3 |  3.3
Evocations     | 3 4 |  4.0
Armour         | 4 5 |  5.9

Action                   |  1- 3 |  4- 6 |  7- 9 | 10-12 || total
-------------------------+-------+-------+-------+-------++-------
Melee: War axe           |    21 |    36 |   278 |   515 ||   850
       Spear             |    70 |   141 |       |       ||   211
 Fire: Hunting sling     |       |       |     2 |     5 ||     7
Throw: Dart              |     3 |     3 |     4 |    16 ||    26
Invok: Convert to Beogh  |       |       |     1 |       ||     1
       Smiting           |       |       |       |    13 ||    13
  Use: Scroll            |       |     9 |     8 |    10 ||    27
       Potion            |       |       |     1 |     3 ||     4
Armor: Scale mail        |    24 |    85 |   150 |   172 ||   431
Dodge: Dodged            |    29 |    58 |   115 |   138 ||   340
Block: Buckler           |    17 |    51 |   139 |   248 ||   455
       Reflection        |       |     3 |     4 |    15 ||    22
